 Dungeon Sprint DCSS version 0.21.0-30-g47ce8e4 (webtiles) character file.

0 wojtek the Skirmisher (level 4, -3/48 HPs)
             Began as a Minotaur Berserker on Jan 28, 2018.
             Was a Believer of Trog.
             Slain by a hell rat (7 damage)
             ... in the Dungeon (Sprint VI: "Thunderdome").
             The game lasted 00:02:01 (145 turns).

wojtek the Skirmisher (Minotaur Berserker)           Turns: 145, Time: 00:02:01

Health: -3/48      AC:  2    Str: 28    XL:     4   Next: 55%
Magic:  3/3        EV: 13    Int:  4    God:    Trog [**....]
Gold:   20         SH:  0    Dex: 12    Spells: 3/3 levels left

rFire    . . .     SeeInvis .   a - +0 hand axe
rCold    . . .     Gourm    .   (no shield)
rNeg     + . .     Faith    .   b - +0 animal skin
rPois    +         Spirit   .   (helmet restricted)
rElec    .         Reflect  .   (no cloak)
rCorr    .         Harm     .   (no gloves)
MR       +....     NoTele   +   (no boots)
Stlth    ..........             (no amulet)
HPRegen  0.16/turn              p - ring of Kequt {Wiz rPois rN+ Str+5 Stlth-}
MPRegen  0.08/turn              o - ring of Vugou {MR+ Dex+3}

@: drained
A: retaliatory headbutt, horns 2
a: Berserk, Trog's Hand, Burn Spellbooks, Renounce Religion


You were in the Dungeon.
You worshipped Trog.
Trog was pleased with you.
You were not hungry.

You visited 1 branch You collected 200 gold pieces.
You spent 180 gold pieces at shops.

Inventory:

Hand Weapons
 a - a +0 hand axe (weapon)
Armour
 b - a +0 animal skin (worn)
Jewellery
 n - the ring of Faits {Fire rElec Dex+5 Stlth-}
   (You bought it in a shop in the Dungeon)

   [ring of fire]

   It enhances your fire magic.
   It affects your dexterity (+5).
   It protects you from fire.
   It makes you vulnerable to cold.
   It insulates you from electricity.
   It makes you less stealthy.
 o - the ring of Vugou (right hand) {MR+ Dex+3}
   (You bought it in a shop in the Dungeon)

   [ring of protection from magic]

   It affects your dexterity (+3).
   It affects your resistance to hostile enchantments.
 p - the ring of Kequt (left hand) {Wiz rPois rN+ Str+5 Stlth-}
   (You bought it in a shop in the Dungeon)

   [ring of wizardry]

   It improves your spell success rate.
   It affects your strength (+5).
   It protects you from poison.
   It protects you from negative energy.
   It makes you less stealthy.
 q - the ring of Quhimi Zuta {*Drain rPois Str+6 Slay-6 Stlth-, unknown}
   (You bought it in a shop in the Dungeon)

   [ring of loudness]

   It affects your strength (+6).
   It affects your accuracy and damage with ranged weapons and melee attacks
   (-6).
   It protects you from poison.
   It causes draining when unequipped.
   It makes you less stealthy.
Wands
 j - a wand of acid (5)
 k - a wand of iceblast (5)
Scrolls
 i - 4 scrolls of blinking
 l - 3 scrolls of fog
Potions
 d - a potion of curing
 e - 4 potions of heal wounds
 f - 4 potions of haste
 g - 2 potions of magic
 h - a potion of berserk rage
 m - a potion of resistance
Comestibles
 c - a ration


   Skills:
 + Level 7.8(7.4) Fighting
 + Level 7.7(7.3) Axes
 + Level 3.7(3.3) Armour
 + Level 4.2(3.9) Dodging


You had 3 spell levels left.
You didn't know any spells.

Dungeon Overview and Level Annotations

Branches:
Dungeon (1/1)

Altars:
Cheibriados
Dithmenos
Fedhas
Gozag
Kikubaaqudgha
Makhleb
Okawaru
Qazlal
Ru
Sif Muna
Trog
Uskayaw
Vehumet
Wu Jian
Xom
Yredelemnul
Zin
The Shining One
Beogh
Jiyva
Lugonu

Shops:
D *[%??*?*:[((!!!!


Innate Abilities, Weirdness & Mutations

You reflexively headbutt those who attack you in melee.
You have a pair of horns on your head.


Message History

You closely miss the hell rat. You headbutt the hell rat!
The hell rat is almost dead.
The hell rat bites you!
* * * LOW HITPOINT WARNING * * *
You partially resist.
You feel drained.
* * * LOW HITPOINT WARNING * * *
You are too injured to fight recklessly!
You are too injured to fight recklessly!
You hit the hell rat but do no damage.
The hell rat is almost dead.
The hell rat closely misses you.
You closely miss the hell rat. Your headbutt misses the hell rat.
The hell rat is almost dead.
The hell rat bites you.
* * * LOW HITPOINT WARNING * * *
You partially resist.
You feel drained.
You hit the hell rat but do no damage.
The hell rat is almost dead.
The hell rat bites you!
You die...

###∩........8.# #.8........∩##
##.............###.............
#⌠..........###...###..........
#⌠..........# #.<.# #..........
#⌠..........###...###..........
##.............###.............
###∩........8.# #.8........∩##
##∩___....r.###......__.∩##
######.8..@......8.######
#⌠.......†...⌠# ###.........###
#_......._# #_......._#
#_......._# #∩.......∩#
##∩.....∩## ##.....##


You could see a hell rat.

Vanquished Creatures
  Purgy (D)
  A river rat (D)
  A quokka (D)
  A rat (D)
4 creatures vanquished.

Notes
Turn   | Place    | Note
-------+----------+-------------------------------------------
     0 | D        | wojtek the Minotaur Berserker began the quest for the Orb.
     0 | D        | Reached XP level 1. HP: 19/19 MP: 0/0
     1 | D        | Found a roughly hewn altar of Beogh.
     1 | D        | Found a stormy altar of Qazlal.
     2 | D        | Found a shimmering altar of Xom.
     2 | D        | Found a glowing golden altar of the Shining One.
     4 | D        | Found Onluev's Distillery.
     4 | D        | Found an ornate altar of the Wu Jian Council.
     4 | D        | Found a burning altar of Makhleb.
     4 | D        | Found Xemyph's Do-It-Yourself Clinic.
     5 | D        | Found Qaemue's Distillery.
     5 | D        | Found Miga's Bottled Wisdom.
     5 | D        | Round 1.
     7 | D        | Found a shadowy altar of Dithmenos.
    25 | D        | Found a sacrificial altar of Ru.
    25 | D        | Found Vophojy's Staff Store.
    25 | D        | Found Kesh's Must-Have Magic.
    26 | D        | Found Senefios's Magic Scroll Shop.
    27 | D        | Noticed Purgy
    38 | D        | Killed Purgy
    38 | D        | Reached XP level 2. HP: 11/34 MP: 1/1
    38 | D        | Reached XP level 3. HP: 13/39 MP: 2/2
    38 | D        | Reached XP level 4. HP: 16/47 MP: 3/3
    39 | D        | Found a viscous altar of Jiyva.
    39 | D        | Found a snail-covered altar of Cheibriados.
    39 | D        | Found a hide-covered altar of Uskayaw.
    39 | D        | Found Yvarrue's Magic Scroll Shop.
    56 | D        | Found an ancient bone altar of Kikubaaqudgha.
    56 | D        | Found a radiant altar of Vehumet.
    56 | D        | Found Romaat's Delicious Food.
    56 | D        | Found Obofieneh's Jewellery.
    57 | D        | Found Keuwuh's Advanced Armour.
    58 | D        | Found a glowing silver altar of Zin.
    58 | D        | Found a deep blue altar of Sif Muna.
    58 | D        | Found a blossoming altar of Fedhas.
    58 | D        | Found Vebbuzol's Identification Station.
    63 | D        | Bought a wavering glass ring for 45 gold pieces
    63 | D        | Bought a scorched gossamer ring for 45 gold pieces
    63 | D        | Identified the ring of Faits {Fire rElec Dex+5 Stlth-} (You bought it in a shop in the Dungeon)
    64 | D        | Identified the ring of Vugou {MR+ Dex+3} (You bought it in a shop in the Dungeon)
    65 | D        | Bought a shimmering bronze ring for 45 gold pieces
    65 | D        | Bought a sparkling glass ring for 45 gold pieces
    66 | D        | Identified the ring of Kequt {Wiz rPois rN+ Str+5 Stlth-} (You bought it in a shop in the Dungeon)
    76 | D        | Found a corrupted altar of Lugonu.
    78 | D        | Found a bloodstained altar of Trog.
    79 | D        | Found an opulent altar of Gozag.
    79 | D        | Found Vuphakh's Premium Goods.
    80 | D        | Found Isihufoo's Miscellaneous Merchandise.
    80 | D        | Found Edodoc's Basic Armour.
    81 | D        | Found an iron altar of Okawaru.
    81 | D        | Found a basalt altar of Yredelemnul.
    81 | D        | Found Biofisid's Weapon Rack.
   136 | D        | Reached ** piety under Trog
   145 | D        | Slain by a hell rat

Skill      XL: |  1 |
---------------+----+-----
Fighting       | 7 |  7.8
Axes           | 7 |  7.7
Armour         | 3 |  3.7
Dodging        | 4 |  4.2

Action                   |  1- 3 |  4- 6 || total
-------------------------+-------+-------++-------
Melee: Hand axe          |    11 |     8 ||    19
       Headbutt          |     1 |     2 ||     3
Invok: Berserk           |     1 |       ||     1
Armor: Animal skin       |     1 |       ||     1
Dodge: Dodged            |    12 |     4 ||    16
